Unix xNetHack Version 7.1.0 - last build Dec 11 2022 15:18:36 (91bc4d2507b4b34ac92889b06d50a936f6bde808). Game began 2023-01-22 20:57:32, ended 2023-01-29 10:49:36. wvc, lawful female human Knight ------------------------ |......................| |..-------------------d| ----.| ----- |.| |..|.-- --...| |.| |.....|--|..`.| |.| |.....|..|....| |.| --....|......-- |.| |.......|..`| ------|%| |....|..|...| --|.....|.| |....---|...| |.+$$...|@| |.......|..-- |-|$$$$.|q| ----....|.-- |~+$$$..-c| ---.--.| |-|$$$$.|-- |.....| |.+$$$$.| |>.|..| --|$$$$.| ------- ------- Wvc the Bachelor St:14 Dx:10 Co:16 In:9 Wi:16 Ch:17 Lawful S:14574 Dlvl:6 $:394 HP:0(72) Pw:65(65) AC:2 Xp:9/3380 T:8117 Latest messages: You hear a crunching sound. You hit the giant mimic! You gash the giant mimic! You slash the giant mimic! You kill the giant mimic! You see here a giant mimic corpse. This door is locked. Unlock it with your lock pick? [ynq] (q) y You succeed in picking the lock. The door resists! The door opens. The wolf wakes up. The winter wolf wakes up. The winter wolf breathes frost! The cockatrice wakes up. The blast of frost hits the cockatrice! The blast of frost hits the leocrotta! The blast of frost hits it! The blast of frost hits the pyrolisk! The vampire bat wakes up. In what direction? h The door closes. You see here a giant mimic corpse. You see here 2 eggs. You see a door open. You see here a giant mimic corpse. You destroy the ettin zombie! You hear a crunching sound. You rend the leocrotta! The leocrotta claws you! The leocrotta bites! The leocrotta claws you! You rend the leocrotta! The leocrotta claws you! The leocrotta bites! The leocrotta claws you! You slash the leocrotta! The leocrotta claws you! The leocrotta bites! The leocrotta claws you! The pyrolisk attacks you with a fiery gaze! What do you want to drink? [rDRS or ?*] ? Never mind. Are you sure you want to pray? [yn] (n) y You begin praying to Lugh. The leocrotta claws you! You die... Do you want your possessions identified? [ynq] (y) y Do you want to see your attributes? [ynq] (y) y Do you want an account of creatures vanquished? [ynaq] (y) q Major events: Turn 1: wvc the lawful female human Knight entered the dungeon 424: entered the Gnomish Mines 443: attained the rank of Esquire (level 3) 1203: reached Mine Town 2068: attained the rank of Bachelor (level 6) 6639: entered Sokoban 6944: completed sokoban 1 7267: completed sokoban 2 7499: completed sokoban 3 8089: completed sokoban 4 8117: killed by a leocrotta, while praying Inventory: Inventory: 793/800 weight (52/52 slots) Coins ('$') $ - 394 gold pieces {4} Amulets ('"') W - an uncursed iron amulet of flying {22} Weapons (')') N - 5 +0 silver daggers {55} a - a corroded +5 long sword (weapon in hand) {40} Armor ('[') B - an uncursed +0 dwarvish helm (being worn) {30} f - a blessed +0 pair of leather gloves (being worn) {8} T - an uncursed +0 pair of speed boots (being worn) {15} e - an uncursed +0 elven shield (being worn) {30} y - an uncursed burnt +0 leather plain cloak (being worn) {12} Q - an uncursed +0 elven ring mail (being worn) {150} Comestibles ('%') M - 2 uncursed grapes {10} m - an uncursed cram ration {15} L - 5 uncursed food rations {100} d - an uncursed pancake {2} H - an uncursed sprig of wolfsbane {1} J - an uncursed tripe ration {10} K - an uncursed homemade tin of Green-elf meat {10} n - 2 blessed tins of szechuan cockatrice meat {20} Scrolls ('?') u - an uncursed scroll of blank paper {5} s - an uncursed scroll of create monster {5} V - a blessed scroll of earth {5} P - an uncursed scroll of earth {5} U - 2 uncursed scrolls of enchant armor {10} x - a cursed scroll of identify {5} i - 3 uncursed scrolls of light {15} c - an uncursed scroll of scare monster {5} Potions ('!') R - an uncursed potion of booze {20} r - a blessed potion of fruit juice {20} S - a cursed potion of oil {20} D - a potion of holy water {20} Rings ('=') Z - a blessed +1 ring of carrying {3} h - an uncursed +3 ring of carrying {3} A - an uncursed -1 ring of protection {3} j - an uncursed ring of protection from shape changers {3} v - an uncursed ring of see invisible {3} p - an uncursed ring of shock resistance {3} t - an uncursed ring of stealth {3} w - an uncursed ring of warning {3} Wands ('/') b - a wand of create monster (0:13) {7} z - a wand of digging (0:5) {7} C - a wand of digging (0:3) {7} o - a wand of fire (0:1) {7} g - a wand of lightning (0:5) {7} I - a wand of secret door detection (0:15) {7} O - a wand of secret door detection (0:11) {7} Y - a wand of sleep (1:5) {7} k - a wand of slow monster (0:4) {7} G - a wand of striking (0:8) {7} l - a wand of striking (0:4) {7} F - a wand of teleportation (0:2) {7} Tools ('(') q - an uncursed lock pick {4} E - an uncursed tallow candle {2} Gems/Stones ('*') X - an uncursed luckstone {10} Wvc the Knight's attributes: Background: You were a Bachelor, a level 9 female human Knight. You were lawful, on a mission for Lugh who was opposed by Brigit (neutral) and Manannan Mac Lir (chaotic). You were heterosexual. You were in Sokoban, on level 6. You entered the dungeon 8117 turns ago. You had 3380 experience points, 1740 more were needed to attain level 10. Your score was 14574 before end-of-game adjustments. Basics: You had 0 out of 72 hit points. You had all 65 energy points (spell power). Your armor class was 2. Your wallet contained 394 zorkmids. Autopickup was on for '$!"=?' plus thrown. Final Characteristics: Your strength was 14 (peak:17, limit:18/100). Your dexterity was 10 (limit:18). Your constitution was 16 (limit:18). Your intelligence was 9 (limit:18). Your wisdom was 16 (limit:18). Your charisma was 17 (limit:18). Final Status: You were not hungry. You were unencumbered. You were wielding a long sword. You had expert skill with long sword. Final Attributes: You were piously aligned. You were sleep resistant. You could jump. You were warded. You were very fast. You were unlucky. You had extra luck. Bad luck did not time out for you. Good luck did not time out for you. You are dead. Miscellaneous: You never encountered a bones level. Total elapsed playing time was 2 hours, 24 minutes and 38 seconds. Vanquished creatures: 2 giant mimics a wumpus 4 small mimics a xan an ogre leader a dwarf ruler an ochre jelly a leocrotta a red naga an ettin zombie 4 watchmen a chameleon a cockatrice 2 wolves a scorpion a gnome ruler a Green-elf an owlbear a lizard a housecat a dust vortex a raven an ape a wood nymph 3 Uruk-hai an orc shaman 2 rock piercers a yellow light a shrieker a violet fungus 14 gnome leaders 5 gnomish wizards 2 kittens 6 dwarves 2 homunculi 2 kobold leaders 3 hill orcs 2 rothes a rabid rat a centipede a dwarf zombie a wererat 3 iguanas 10 killer bees an acid blob 3 hobbits 3 hobgoblins 4 cave spiders 2 green molds 72 gnomes 3 geckos 5 jackals 2 foxes a kobold 3 goblins 2 sewer rats 3 grid bugs 2 bats 4 lichens a kobold zombie a newt 206 creatures vanquished. No species were genocided or became extinct. Voluntary challenges: You read items or engraved 10 times. You never genocided any monsters. You never polymorphed an object. You never changed form. You never touched an artifact. You used no wishes. You never scared an enemy with impunity. You were celibate. You never generated conflict. You did not violate any of the special Sokoban rules. Achievements: You entered the Gnomish Mines. You attained the rank of Esquire. You entered Minetown. You entered a temple. You entered a shop. You attained the rank of Bachelor. You entered Sokoban. The Dungeons of Doom: levels 1 to 10 Level 1: A sink. Level 2: A fountain. Stairs down to The Gnomish Mines. Level 3: Level 4: A fountain. Level 5: A fountain, some sinks. Level 6: A sink, a tree. Level 7: A fountain. Level 8: Level 9: Many fountains. Oracle of Delphi. Level 10: A fountain. Stairs up to Sokoban, level 9. The Gnomish Mines: levels 3 to 11 Level 3: Level 4: Level 5: Many shops, a temple to Lugh, some fountains. Level 6: Level 7: Level 8: Level 9: Level 10: Level 11: Sokoban: levels 9 up to 6 Level 6: <- You were here. Solved. Final resting place for you, killed by a leocrotta, while praying. Level 7: Solved. Level 8: Solved. Level 9: Solved. Game over: __________ / \ / REST \ / IN \ / PEACE \ / \ | wvc | | 394 Au | | killed by a | | leocrotta | | | | | | 2023 | *| * * * | * _________)/\\_//(\/(/\)/\//\/|_)_______ Fare thee well wvc the Knight... You died in Sokoban on dungeon level 6 with 14535 points, and 394 pieces of gold, after 8117 moves. You were level 9 with a maximum of 72 hit points when you died.